 Dungeon Crawl Stone Soup version 0.28-a0-519-gbfeecf2fc5 (webtiles) character file.

Game seed: 2910950009078067071

366 speeev33 the Skirmisher (level 6, -1/41 HPs)
             Began as a Gargoyle Fighter on Sept 23, 2021.
             Slain by an iguana (3 damage)
             ... on level 4 of the Dungeon.
             The game lasted 00:04:56 (3933 turns).

speeev33 the Skirmisher (Gargoyle Fighter)          Turns: 3933, Time: 00:04:57

Health: -1/41      AC: 12    Str: 22    XL:     6   Next: 68%
Magic:  6/6        EV:  7    Int:  8    God:
Gold:   128        SH:  8    Dex:  9    Spells: 5/5 levels left

rFire   . . .      SeeInvis .   a - +0 flail
rCold   . . .      Faith    .   h - +0 kite shield
rNeg    + . .      Spirit   .   b - +0 scale mail
rPois   ∞          Reflect  .   (no helmet)
rElec   +          Harm     .   (no cloak)
rCorr   .          Rampage  .   m - +0 pair of gloves
Will    .....                   (no boots)
Stlth   ..........              (no amulet)
HPRegen 0.13/turn               (no ring)
MPRegen 0.10/turn               (no ring)

@: studying Fighting
A: sickness immunity, AC +4, negative energy resistance 1, electricity
resistance, torment resistance 1, petrification resistance
a: no special abilities


You were on level 4 of the Dungeon.
You visited 1 branch of the dungeon, and saw 4 of its levels.

You collected 128 gold pieces.

Inventory:

Hand Weapons
 a - a +0 flail (weapon)
Armour
 b - a +0 scale mail (worn)
 h - a +0 kite shield (worn)
 m - a +0 pair of gloves (worn)
Jewellery
 g - an amulet of magic regeneration
 i - a ring of protection from cold
Wands
 l - a wand of polymorph (5)
Scrolls
 d - a scroll of identify {unknown}
 e - 3 scrolls of teleportation
 k - 2 scrolls of silence
Potions
 c - 3 potions of resistance {unknown}
 f - a potion of haste {unknown}
 j - a potion of curing {unknown}
 n - a potion of cancellation {unknown}


   Skills:
 + Level 5.8 Fighting
 + Level 3.8 Maces & Flails
 + Level 4.9 Armour
 + Level 4.9 Shields


You had 5 spell levels left.
You didn't know any spells.
Your spell library was empty.

Dungeon Overview and Level Annotations

Branches:
Dungeon (4/15)
 Temple: D:4-7

Altars:
Cheibriados
The Shining One


Innate Abilities, Weirdness & Mutations

You are immune to sickness and miasma.
Your stone body is resilient. (AC +4)
You are immune to poison.
You resist negative energy. (rN+)
You are resistant to electric shocks. (rElec)
You are resistant to unholy torment.
You are immune to petrification.


Message History

The endoplasm is moderately wounded.
You block the endoplasm's attack.
You hit the endoplasm.
The endoplasm is almost dead.
The endoplasm freezes you.
You are frozen.
* * * LOW HITPOINT WARNING * * *
You sock the endoplasm!
You kill the endoplasm!
You hit the iguana.
The iguana is heavily wounded.
The iguana closely misses you.
You hit the iguana.
The iguana is heavily wounded.
The iguana bites you.
* * * LOW HITPOINT WARNING * * *
The iguana bites you but does no damage.
You hit the iguana.
The iguana is severely wounded.
The iguana closely misses you.
You closely miss the iguana.
The iguana is severely wounded.
You block the iguana's attack. The iguana barely misses you.
You hit the iguana but do no damage.
The iguana is severely wounded.
The iguana bites you!
* * * LOW HITPOINT WARNING * * *
You barely miss the iguana.
The iguana is severely wounded.
You block the iguana's attack.
Okay, then.
Aiming: Polymorph
Press: ? - help, Shift-Dir - straight line, f - iguana
Aim: an iguana (severely wounded, will become an ice beast, a howler monkey, or a killer bee, chance to affect: 54%)
Okay, then.
You closely miss the iguana.
The iguana is severely wounded.
The iguana bites you but does no damage.
The iguana bites you.
You die...

...# #.)...##.......# ...#
#########......#
...########## #......#
...##.......######.....#
...##.......#...##..##.#
#..##.......#...###.# .#
##.##.......#...# #.##.#
###.#.......#...###..#.######
#.#.............@l)..........
.♣.#........#...####...######
#.#.........<...#..........
###.........###.#.###..###..
##.#........###..........
#.##..........†..#####>#.#
.###.######......# .#.#
.....# ####......# .# #
.###.###.........#


You could see an iguana.

Vanquished Creatures
  A necrophage (D:4)
  An ogre (D:4)
  2 orc wizards
  Terence (D:3)
  5 adders
  2 dart slugs
  5 orcs
  6 bats
  6 endoplasms
  4 giant cockroaches
  4 goblins
  3 hobgoblins
  4 jackals (D:2)
  3 quokkas
  6 ball pythons
  8 frilled lizards
  3 kobolds
  4 rats
68 creatures vanquished.

Vanquished Creatures (others)
  An orc wizard (D:3)
  8 plants
  A withered plant (D:3)
10 creatures vanquished.

Grand Total: 78 creatures vanquished

Notes
Turn   | Place    | Note
-------+----------+-------------------------------------------
     0 | D:1      | speeev33 the Gargoyle Fighter began the quest for the Orb.
     0 | D:1      | Reached XP level 1. HP: 14/14 MP: 1/1
   382 | D:1      | Reached XP level 2. HP: 18/19 MP: 2/2
  1418 | D:2      | Reached XP level 3. HP: 14/23 MP: 3/3
  1534 | D:2      | Identified a scroll of acquirement
  1534 | D:2      | Acquired a manual of Fighting
  1847 | D:2      | Reached skill level 4 in Fighting
  1847 | D:2      | Reached XP level 4. HP: 29/29 MP: 4/4
  2258 | D:3      | Found a faded altar of an unknown god.
  2449 | D:3      | Noticed Terence
  2456 | D:3      | Killed Terence
  2683 | D:3      | Reached XP level 5. HP: 34/34 MP: 5/5
  2964 | D:3      | Found a snail-covered altar of Cheibriados.
  2964 | D:3      | Found a glowing golden altar of the Shining One.
  3326 | D:4      | Noticed a necrophage
  3339 | D:4      | Killed a necrophage
  3340 | D:4      | Reached skill level 5 in Fighting
  3340 | D:4      | Reached XP level 6. HP: 37/40 MP: 6/6
  3931 | D:4      | HP: 2/41 [iguana (9)]
  3933 | D:4      | Slain by an iguana

Illustrated notes

Levels and vault maps discovered:
D:1:      wander_arrival_estate, layout_loops_corners
D:2:      layout_basic, serial_bayou_lake_a
D:3:      layout_basic, gammafunk_temple_overflow_elements,
          shapermc_ecumenical_altar_flowoftime, kennysheep_nondescript,
          minmay_misc_feat_encased, uniq_terence
D:4:      layout_basic, grunt_decor_mini_mirrors

Skill      XL: |  1  2  3  4  5 |
---------------+----------------+-----
Fighting       | 4 5 |  5.8
Shields        | 4 |  4.9
Armour         | 4 |  4.9
Maces & Flails | 3 |  3.8

Action                   |  1- 3 |  4- 6 || total
-------------------------+-------+-------++-------
Melee: Flail             |   176 |   194 ||   370
  Use: Scroll            |     3 |     2 ||     5
       Potion            |       |     1 ||     1
Armor: Scale mail        |   104 |   107 ||   211
Dodge: Dodged            |   106 |    41 ||   147
Block: Buckler           |    12 |       ||    12
       Kite shield       |    71 |    77 ||   148

Table legend: (Time is in decaauts)
 A = Elapsed time spent in this place.
 B = Non-inter-level travel time spent in this place.
 C = Inter-level travel time spent in this place.
 D = Time resting spent in this place.
 E = Time spent auto-exploring this place.
 F = Levels seen in this place.
 G = Mean time per level.
                   A        B        C        D        E       F      G
               +--------+--------+--------+--------+--------+-----+--------+
         Total |   4138 |   4046 |     92 |   1042 |   2059 |   4 | 1034.5 |
       Dungeon |   4138 |   4046 |     92 |   1042 |   2059 |   4 | 1034.5 |
               +--------+--------+--------+--------+--------+-----+--------+

Top non-repeatable levels by time:
     D:1: 1370 daAuts
     D:3: 1130 daAuts
     D:2: 987 daAuts
     D:4: 650 daAuts
